 Dungeon Crawl Stone Soup version 0.29.0-4-gdea44cf6ec (webtiles) character file.

Game seed: 15195404541343908236

99 qw the Chopper (level 4, -8/26 HPs)
             Began as a Tengu Warper on Aug 28, 2022.
             Killed by nerve-wracking pain
             ... invoked by Grinder
              (10 damage)
             ... on level 3 of the Dungeon.
             The game lasted 00:00:11 (2054 turns).

qw the Chopper (Tengu Warper)                       Turns: 2054, Time: 00:00:11

Health: -8/26      AC:  5    Str: 14    XL:     4   Next: 72%
Magic:  8/8        EV: 11    Int: 13    God:
Gold:   72         SH:  0    Dex: 13    Spells: 7/7 levels left

rFire   . . .      SeeInvis .   Y - +0 hand axe
rCold   . . .      Faith    .   (no shield)
rNeg    . . .      Spirit   .   c - +0 ring mail
rPois   .          Reflect  .   (helmet restricted)
rElec   .          Harm     .   (no cloak)
rCorr   .          Rampage  .   (no gloves)
Will    .....                   (boots unavailable)
Stlth   +.........              (no amulet)
HPRegen 0.08/turn               (no ring)
MPRegen 0.11/turn               (no ring)

@: no status effects
A: beak, talons 3
a: no special abilities


You were on level 3 of the Dungeon.
You visited 1 branch of the dungeon, and saw 3 of its levels.

You collected 72 gold pieces.


Innate Abilities, Weirdness & Mutations

You have a beak for a mouth.
You have claws for feet.


   Skills:
 - Level 2.0 Fighting
 + Level 5.2 Axes
 - Level 1.0 Throwing
 - Level 1.1 Armour
 - Level 2.1 Dodging
 - Level 2.0 Spellcasting
 - Level 2.4 Translocations


You had 7 spell levels left.
You didn't know any spells.
Your spell library contained the following spells:

 Spells                   Type           Power      Damage    Failure   Level
 Blink                    Tloc           14%        N/A       30%         2
 Gell's Gravitas          Tloc           7%         N/A       52%         3
 Lesser Beckoning         Tloc           7%         N/A       52%         3
 Teleport Other           Tloc           7%         N/A       52%         3
 Manifold Assault         Tloc           7%         N/A       99%         5

Inventory:

Hand Weapons
 g - a +0 whip
 Y - a +0 hand axe (weapon)
Missiles
 f - 4 javelins (quivered)
Armour
 c - a +0 ring mail (worn)
Scrolls
 e - a scroll of amnesia {unknown}
Potions
 a - a potion of heal wounds {unknown}
 b - a potion of attraction {unknown}
 d - a potion of ambrosia {unknown}
 h - a potion of curing {unknown}

Dungeon Overview and Level Annotations

Branches:
Dungeon (3/15)

Altars:

Annotations:
D:3 Grinder


Message History

The goblin hits you but does no damage.
Grinder blinks!
You barely miss the goblin. Your kick misses the goblin. You peck the goblin.
The goblin is severely wounded.
Grinder blinks!
The goblin barely misses you.
You hit the goblin.
You kill the goblin!
You barely miss Grinder. You peck Grinder.
Grinder is lightly wounded.
Grinder barely misses you.
You barely miss Grinder. Your kick misses Grinder. Your peck misses Grinder.
Grinder is lightly wounded.
Grinder misses you.
You slash Grinder! You peck Grinder.
Grinder is moderately wounded.
Grinder hits you.
You writhe in agony.
You closely miss Grinder.
Grinder is moderately wounded.
Grinder barely misses you.
You slash Grinder! Your kick misses Grinder.
You peck Grinder, but do no damage.
Grinder is heavily wounded.
Grinder gestures at you. Pain shoots through your body!
Ouch! That really hurt!
You closely miss Grinder.
Grinder is heavily wounded.
Grinder barely misses you.
You closely miss Grinder.
Grinder is heavily wounded.
Grinder closely misses you.
You hit Grinder. Your kick misses Grinder.
Grinder is heavily wounded.
Grinder hits you.
You writhe in agony.
You barely miss Grinder. You claw Grinder, but do no damage.
Grinder is heavily wounded.
Grinder closely misses you.
You hit Grinder. You claw Grinder, but do no damage.
Grinder is severely wounded.
Grinder gestures at you. Pain shoots through your body!
You die...

#... .........### #..#
........... #. ##..
..(........ #... ###
.......... #.# #
#.(......###..##########
#........#...#.........#
......)5...# #.........#
.......@<..###..........
............##.........#
........$...##.........#
....?.....#...)...%....#
#........###...)####).##
##......## ###...# ##...
#.##.### #.#.....### #.
#. #.#####. .. #.. #.


You could see Grinder.

Vanquished Creatures
  Natasha (twice) (D:2)
  An adder (D:2)
  An orc (D:2)
  3 endoplasms
  7 goblins
  2 hobgoblins
  4 jackals (D:1)
  6 kobolds
  A quokka (D:1)
  2 ball pythons
  3 bats
  A frilled lizard (D:1)
  6 rats
39 creatures vanquished.

Vanquished Creatures (others)
  5 plants (D:2)
5 creatures vanquished.

Grand Total: 44 creatures vanquished

Notes
Turn   | Place    | Note
-------+----------+-------------------------------------------
     0 | D:1      | qw the Tengu Warper began the quest for the Orb.
     0 | D:1      | Reached XP level 1. HP: 12/12 MP: 4/4
     0 | D:1      | 0 ||| qw: Version: 0.1-a-89-g26bdef1
     0 | D:1      | 0 ||| qw: Game counter: 3060
     0 | D:1      | 0 ||| qw: Always use a shield: true
     0 | D:1      | 0 ||| qw: God list: Okawaru
     0 | D:1      | 0 ||| qw: Allow faded altars: false
     0 | D:1      | 0 ||| qw: Do Orc after D:15 true
     0 | D:1      | 0 ||| qw: Do second Lair branch before Depths: true
     0 | D:1      | 0 ||| qw: Lair rune preference: random
     0 | D:1      | 0 ||| qw: Plans: Normal
     0 | D:1      | 0 ||| PLANNING D:1-11
    38 | D:1      | 38 ||| Stepping ~*~*~tactically~*~*~ (stealth).
    40 | D:1      | 40 ||| Stepping ~*~*~tactically~*~*~ (stealth).
    72 | D:1      | 72 ||| Stepping ~*~*~tactically~*~*~ (stealth).
   105 | D:1      | Reached XP level 2. HP: 17/17 MP: 6/6
   116 | D:1      | Reached skill level 3 in Axes
   314 | D:1      | Found a faded altar of an unknown god.
   735 | D:1      | 735 ||| READING scroll labelled QAHIQE TIPSOTY.
   736 | D:1      | 736 ||| READING scroll labelled XEUHEQ EMIMA.
   739 | D:1      | 739 ||| READING scroll labelled BOCKIP TEIJAOFF.
   740 | D:1      | 740 ||| READING scroll labelled YMENET QISOOKK.
   741 | D:1      | 741 ||| DROPPING scroll of blinking.
   888 | D:2      | Reached XP level 3. HP: 21/21 MP: 7/7
  1123 | D:2      | Reached skill level 4 in Axes
  1151 | D:2      | 1151 ||| Stepping ~*~*~tactically~*~*~ (stealth).
  1152 | D:2      | 1152 ||| Stepping ~*~*~tactically~*~*~ (stealth).
  1158 | D:2      | Noticed Natasha
  1166 | D:2      | HP: 4/21 [Natasha/magic dart (10)]
  1167 | D:2      | HP: 1/21 [Natasha (3)]
  1168 | D:2      | Killed Natasha
  1169 | D:2      | Reached XP level 4. HP: 1/26 MP: 8/8
  1236 | D:2      | 1236 ||| FLEEEEING.
  1257 | D:2      | 1257 ||| FLEEEEING.
  1258 | D:2      | 1258 ||| FLEEEEING.
  1262 | D:2      | 1262 ||| FLEEEEING.
  1263 | D:2      | 1263 ||| FLEEEEING.
  1264 | D:2      | 1264 ||| FLEEEEING.
  1265 | D:2      | 1265 ||| FLEEEEING.
  1266 | D:2      | 1266 ||| FLEEEEING.
  1267 | D:2      | 1267 ||| FLEEEEING.
  1268 | D:2      | 1268 ||| FLEEEEING.
  1269 | D:2      | 1269 ||| FLEEEEING.
  1272 | D:2      | 1272 ||| FLEEEEING.
  1277 | D:2      | 1277 ||| FLEEEEING.
  1278 | D:2      | 1278 ||| FLEEEEING.
  1279 | D:2      | 1279 ||| FLEEEEING.
  1280 | D:2      | 1280 ||| FLEEEEING.
  1281 | D:2      | 1281 ||| STAIRDANCE
  1475 | D:1      | 1475 ||| UPGRADING to +0 ring mail.
  1485 | D:1      | 1485 ||| DROPPING +0 leather armour.
  1486 | D:1      | 1486 ||| READING scroll labelled YZISIUJOCW.
  1487 | D:1      | 1487 ||| READING scroll labelled ROVESE COUXAP.
  1785 | D:2      | Noticed Natasha
  1791 | D:2      | Killed Natasha
  1792 | D:2      | Reached skill level 5 in Axes
  1934 | D:3      | 1934 ||| PLANNING SEWER
  1997 | D:3      | 1997 ||| FLEEEEING.
  1998 | D:3      | 1998 ||| Stepping ~*~*~tactically~*~*~ (hiding).
  2038 | D:3      | Noticed Grinder
  2052 | D:3      | HP: 4/26 [Grinder (3)]
  2054 | D:3      | Killed from afar by Grinder

Levels and vault maps discovered:
D:1:      minmay_arrival_split_and_join, layout_rooms,
          hellmonk_ecumenical_altar_crossroads, chequers_serial_rivers_micro_a,
          hex_intersection
D:2:      layout_basic, serial_forest, infiniplex_forest_3_way,
          infiniplex_forest_zigzag_1, infiniplex_forest_lined_corner,
          infiniplex_forest_clump_diagonal, infiniplex_forest_zigzag_2,
          infiniplex_forest_end_2, infiniplex_forest_fountain,
          infiniplex_forest_lined_room_2, interstate_on_off,
          minmay_pentomino_v4, uniq_natasha
D:3:      layout_rooms, minitemple, gup_sewer_entry_spiral, grunt_decor_clamped,
          uniq_jessica, uniq_grinder

Skill      XL: |  1  2  3  4 |
---------------+-------------+-----
Axes           | 3 4 5 |  5.2
Fighting       | |  2.0
Throwing       | |  1.0
Armour         | |  1.1
Dodging        | |  2.1
Spellcasting   | |  2.0
Translocations | |  2.4

Action                   |  1- 3 |  4- 6 || total
-------------------------+-------+-------++-------
Melee: Hand axe          |    32 |    28 ||    60
       Peck              |     5 |     4 ||     9
       Kick              |     4 |     7 ||    11
       Punch             |     1 |       ||     1
Throw: Boomerang         |     7 |       ||     7
       Javelin           |    33 |     4 ||    37
  Use: Scroll            |     4 |     2 ||     6
Armor: Leather armour    |     8 |       ||     8
       Ring mail         |       |     6 ||     6
Dodge: Dodged            |    15 |    15 ||    30

Table legend:
 A = Non-vault XP
 B = Vault XP
 C = Vault XP percentage of total XP
 D = Non-vault monster count
 E = Vault monster count
 F = Vault count percentage of total count
                 A         B        C        D         E       F
            +---------+---------+-------+---------+---------+-------
      Total |     101 |      41 |  28.9 |      36 |       3 |   7.7
            +---------+---------+-------+---------+---------+-------
        D:1 |      32 |       0 |   0.0 |      21 |       0 |   0.0
        D:2 |      58 |      41 |  41.4 |       9 |       3 |  25.0
        D:3 |      11 |       0 |   0.0 |       6 |       0 |   0.0
            +---------+---------+-------+---------+---------+-------
